 Dungeon Crawl Stone Soup version 0.18.1-47-g9310371 (webtiles) character file.

87 raph the Cutter (level 4, -8/43 HPs)
             Began as a Kobold Berserker on June 14, 2016.
             Was a Believer of Trog.
             Mangled by Sigmund
             ... wielding a +1 scythe of protection
              (16 damage)
             ... on level 2 of the Dungeon.
             The game lasted 00:03:41 (2310 turns).

raph the Cutter (Kobold Berserker)                  Turns: 2310, Time: 00:03:42

Health: -8/43      AC:  2    Str: 21    XL:     4   Next: 80%
Magic:  4/4        EV: 16    Int:  5    God:    Trog [**....]
Gold:   186        SH:  0    Dex: 15    Spells: 0 memorised, 3 levels left

rFire  . . .     SeeInvis .     a - +0 short sword
rCold  . . .     Gourm    .     b - +0 animal skin
rNeg   . . .     Faith    .     (shield restricted)
rPois  .         Spirit   .     (no helmet)
rElec  .         Dismiss  .     (no cloak)
rCorr  .         Reflect  .     (no gloves)
SustAt .         Harm     .     (no boots)
MR     .....                    (no amulet)
Stlth  ..........               (no ring)
                                (no ring)

@: berserking (expiring), lethally poisoned (-8 -> -10), very quick, not
resistant to hostile enchantments, extremely unstealthy
A: carnivore 3
a: Berserk, Trog's Hand, Burn Spellbooks, Renounce Religion


You were on level 2 of the Dungeon.
You worshipped Trog.
Trog was pleased with you.
You were completely stuffed.

You visited 1 branch of the dungeon, and saw 2 of its levels.

You collected 186 gold pieces.

Inventory:

Hand Weapons
 a - a +0 short sword (weapon)
Armour
 b - a +0 animal skin (worn)
Scrolls
 d - a scroll of remove curse {unknown}
 e - a scroll of random uselessness {unknown}
 h - a scroll of immolation {unknown}
 i - a scroll of identify {unknown}
 j - 2 scrolls of amnesia {unknown}
 k - a scroll of enchant weapon {unknown}
 m - a scroll of noise {unknown}
Potions
 f - a potion of degeneration {unknown}
 g - 2 potions of flight {unknown}
 l - a potion of haste {unknown}
 n - 2 potions of heal wounds {unknown}
Comestibles
 c - 2 meat rations
 o - a chunk of flesh


   Skills:
 + Level 4.0 Fighting
 + Level 4.5 Short Blades
 + Level 1.8 Armour
 + Level 4.1 Dodging
 + Level 0.8 Stealth


You had 3 spell levels left.
You didn't know any spells.

Dungeon Overview and Level Annotations

Branches:
Dungeon (2/15)

Altars:

Annotations:
D:2 Sigmund, Terence


Innate Abilities, Weirdness & Mutations

You are small and have problems with some larger weapons.
You are carnivorous and can eat meat at any time.


Message History

The adder completely misses you.
You hit Terence.
Terence is moderately wounded.
Something closely misses you.
You barely miss Terence.
Terence is moderately wounded.
You feel sick. The adder barely misses you. Terence closely misses you.
You barely miss Terence.
Terence is moderately wounded.
The adder completely misses you. Terence completely misses you.
You puncture Terence!
Terence is heavily wounded.
Something hits you!
* * * LOW HITPOINT WARNING * * *
The adder misses you.
You closely miss Terence.
Terence is heavily wounded.
You feel sick. Terence barely misses you. The adder completely misses you.
Something hits you!
You die...

.# .#### ....#
.##.# .##.# .##.#
.##.#
.##.###############
.##.............@.#
#################†#
#@S{....# #..####.#
#..# #... #.## #.
#.


You could see an adder.

Vanquished Creatures
  3 adders
  A gnoll (D:1)
  2 worms (D:2)
  2 dart slugs (D:1)
  A giant gecko (D:2)
  4 bats
  2 giant cockroaches
  5 goblins
  4 hobgoblins
  5 jackals (D:1)
  A quokka (D:2)
  3 giant newts
  3 kobolds (D:1)
  5 rats
41 creatures vanquished.

Notes
Turn   | Place    | Note
--------------------------------------------------------------
     0 | D:1      | raph the Kobold Berserker began the quest for the Orb.
     0 | D:1      | Reached XP level 1. HP: 14/14 MP: 1/1
   239 | D:1      | Reached XP level 2. HP: 16/19 MP: 2/2
   472 | D:1      | Reached XP level 3. HP: 6/23 MP: 3/3
  1465 | D:1      | Reached XP level 4. HP: 29/29 MP: 4/4
  1605 | D:2      | Reached ** piety under Trog
  2293 | D:2      | Noticed Sigmund
  2296 | D:2      | Noticed Terence
  2310 | D:2      | Mangled by Sigmund

Skill      XL: |  1  2  3  4 |
---------------+-------------+-----
Dodging        | 3 4 |  4.1
Fighting       | 4 |  4.0
Short Blades   | |  4.5
Armour         | |  1.8
Stealth        | |  0.8

Action                   |  1- 3 |  4- 6 || total
-------------------------+-------+-------++-------
Melee: Short sword       |   128 |    73 ||   201
Invok: Berserk           |     3 |     2 ||     5
  Eat: Chunk             |     9 |     8 ||    17
Armor: Animal skin       |    29 |     1 ||    30
Dodge: Dodged            |   134 |    64 ||   198
